 Dungeon Crawl Stone Soup version 0.31-a0-236-g9a0961fb85 (webtiles) character file.

Game seed: 250077244906696331

245 garrulousMonolith the Firebug (level 6, -4/44 HPs)
             Began as a Gnoll Fire Elementalist on July 11, 2023.
             Slain by a gnoll
             ... wielding a +0 spear
              (8 damage)
             ... on level 4 of the Dungeon.
             The game lasted 00:04:06 (3797 turns).

garrulousMonolith the Firebug (GnFE)                Turns: 3797, Time: 00:04:06

Health: -4/44      AC:  2    Str:  7    XL:     6   Next: 10%
Magic:  8/14       EV: 13    Int: 16    God:
Gold:   187        SH:  0    Dex: 13    Spells: 9/15 levels left

rFire   . . .        e - +0 short sword
rCold   . . .        (no shield)
rNeg    . . .        o - +0 leather armour
rPois   .            (no helmet)
rElec   .            (no cloak)
rCorr   .            h - +2 pair of gloves
SInv    .            (no boots)
Will    .....        (no amulet)
Stlth   ++           (no ring)
HPRegen 0.27/turn    (no ring)
MPRegen 0.14/turn

%: no passive effects
@: corroded
A: fangs 1, strong nose, distributed training
a: no special abilities


You were on level 4 of the Dungeon.
You visited 1 branch of the dungeon, and saw 4 of its levels.

You collected 187 gold pieces.

Inventory:

Hand Weapons
 e - a +0 short sword (weapon)
Armour
 h - a +2 pair of gloves (worn)
 o - a +0 leather armour (worn)
Scrolls
 d - a scroll of identify
 l - 2 scrolls of teleportation {unknown}
Potions
 b - a potion of magic
 c - 2 potions of curing
 f - a potion of cancellation
 i - a potion of degeneration {unknown}
 j - a potion of resistance {unknown}
 k - a potion of invisibility {unknown}
 m - a potion of might {unknown}
 n - a potion of attraction {unknown}


   Skills:
 + Level 1.9 Fighting
 + Level 1.9 Short Blades
 + Level 1.9 Long Blades
 + Level 1.9 Axes
 + Level 1.9 Maces & Flails
 + Level 1.9 Polearms
 + Level 1.9 Staves
 + Level 1.9 Ranged Weapons
 + Level 1.9 Throwing
 + Level 1.9 Armour
 + Level 4.9 Dodging
 + Level 4.5 Stealth
 + Level 1.9 Shields
 + Level 1.9 Unarmed Combat
 + Level 5.3 Spellcasting
 + Level 2.6 Conjurations
 + Level 1.5 Hexes
 + Level 1.5 Summonings
 + Level 1.5 Necromancy
 + Level 1.5 Translocations
 + Level 1.5 Transmutations
 + Level 5.6 Fire Magic
 + Level 1.5 Ice Magic
 + Level 1.5 Air Magic
 + Level 1.5 Earth Magic
 + Level 1.5 Poison Magic
 + Level 2.1 Invocations
 + Level 1.9 Evocations


You had 9 spell levels left.
You knew the following spells:

 Your Spells              Type           Power      Damage    Failure   Level
a - Foxfire               Conj/Fire      68%        2x1d7     4%          1
b - Scorch                Fire           44%        2d7       3%          2
c - Volatile Blastmotes   Fire/Tloc      30%        2d12      14%         3

Your spell library contained the following spells:

 Spells                   Type           Power      Damage    Failure   Level
 Kiss of Death            Conj/Necr      40%        2d8       10%         1
 Necrotise                Necr           36%        1d5       12%         1
 Inner Flame              Hex/Fire       15%        N/A       14%         3
 Cigotuvi's Dreadful Rot  Necr/Pois/Air  18%        N/A       17%         2
 Confusing Touch          Hex            9%         N/A       34%         3
 Vampiric Draining        Necr           9%         2d6       34%         3
 Flame Wave               Conj/Fire      17%        2d7       36%         4
 Dispel Undead            Necr           9%         3d8       75%         4
 Agony                    Necr           9%         N/A       97%         5
 Death Channel            Necr           4%         N/A       100%        6


Dungeon Overview and Level Annotations

Branches:
Dungeon (4/15)
 Temple: D:4-7

Altars:

Annotations:
D:4 Eustachio


Innate Abilities, Weirdness & Mutations

You have very sharp teeth.
Your uncanny sense of smell can sniff out nearby items.
Your experience applies equally to all skills.


Message History

Casting: Scorch (safe; 3% risk of failure)
Confirm with . or Enter, or press ? or * to list all spells.
You conjure some foxfire!
The gnoll closely misses you. The gnoll barely misses you.
The gnoll closely misses you.
The gnoll is no longer more vulnerable to fire.
The foxfire hits the gnoll.
The gnoll is moderately wounded.
The foxfire hits the gnoll.
The gnoll is heavily wounded.
The gnoll hits you but does no damage. The gnoll hits you with a +0 flail!
The gnoll hits you with a +0 whip.
Casting: Foxfire (safe; 4% risk of failure)
Confirm with . or Enter, or press ? or * to list all spells.
You conjure some foxfire!
The gnoll hits you but does no damage. The jelly hits you but does no damage.
The gnoll hits you but does no damage. The gnoll hits you with a +0 flail.
The foxfire hits the gnoll.
The gnoll is almost dead.
The foxfire hits the gnoll.
You kill the gnoll!
The jelly hits you. The acid corrodes you!
You are splashed with acid!
* * * LOW HITPOINT WARNING * * *
The gnoll misses you.
The gnoll hits you from afar with a +0 spear!
* * * LOW HITPOINT WARNING * * *
A dart slug comes into view.
You feel better. The gnoll barely misses you. x2
You feel better. The gnoll hits you with a +0 flail!
* * * LOW HITPOINT WARNING * * *
The jelly misses you.
The gnoll hits you from afar with a +0 spear!
* * * LOW HITPOINT WARNING * * *
You feel better. The gnoll misses you.
Really read the scroll of poison?
The air fills with toxic fumes!
As you read the scroll of poison, it crumbles to dust.
The gnoll hits you with a +0 flail!
* * * LOW HITPOINT WARNING * * *
The gnoll hits you from afar with a +0 spear!
You die...

#... #........# .##+######w.
#........#
........##'#####........# ..
.##.......)§§§##...##...# ...
#.......)§§§##...##...#
#.....#########§§§§##....#...#
#.....##§§§§§##J§§§##..<.#...#
#....>§§§§§§§§gg§§§##...##..##
##.....§§§§§§§@§§§§§##...##..#
#......##§§§§§##§§§§§§.......#
#.....##§§§§§##.§§§##.......#
##.....##§§§§§##..§§##...##..#
#......§§§§§§§.....§##...##..#
#......##§§§§§##....#.>..#...#
#......##§§§§§##....#....#...#
#.....<.§§§§§§##....##...#...#
#.............# #...#...#


You could see a jelly and 2 gnolls.

Vanquished Creatures
  A scorpion (D:4)
  Jessica (D:3)
  An orc wizard (D:3)
  2 gnolls (D:4)
  4 adders
  A worm (D:2)
  3 dart slugs
  2 orcs
  10 endoplasms
  3 giant cockroaches
  5 goblins
  7 hobgoblins
  5 jackals
  3 kobolds (D:2)
  9 quokkas
  5 ball pythons
  3 bats (D:3)
  4 frilled lizards
  4 rats
73 creatures vanquished.

Vanquished Creatures (collateral kills)
  A foxfire (D:4)
1 creature vanquished.

Vanquished Creatures (others)
  324 foxfires
324 creatures vanquished.

Grand Total: 398 creatures vanquished

Notes
Turn   | Place    | Note
-------+----------+-------------------------------------------
     0 | D:1      | garrulousMonolith the Gnoll Fire Elementalist began the
                  | quest for the Orb.
     0 | D:1      | Reached XP level 1. HP: 13/13 MP: 6/6
   306 | D:1      | Reached XP level 2. HP: 17/20 MP: 3/7
  1017 | D:1      | Reached skill level 5 in Spellcasting
  1017 | D:1      | Reached XP level 3. HP: 25/25 MP: 4/9
  1020 | D:1      | Learned a level 2 spell: Scorch
  1024 | D:1      | Learned a level 3 spell: Volatile Blastmotes
  1464 | D:2      | Reached skill level 1 in Invocations
  1819 | D:2      | Found a faded altar of an unknown god.
  2074 | D:3      | Reached skill level 1 in Fighting
  2074 | D:3      | Reached skill level 1 in Short Blades
  2074 | D:3      | Reached skill level 1 in Long Blades
  2074 | D:3      | Reached skill level 1 in Axes
  2074 | D:3      | Reached skill level 1 in Maces & Flails
  2074 | D:3      | Reached skill level 1 in Polearms
  2074 | D:3      | Reached skill level 1 in Staves
  2074 | D:3      | Reached skill level 1 in Ranged Weapons
  2074 | D:3      | Reached skill level 1 in Throwing
  2074 | D:3      | Reached skill level 1 in Armour
  2074 | D:3      | Reached skill level 1 in Shields
  2074 | D:3      | Reached skill level 1 in Unarmed Combat
  2074 | D:3      | Reached skill level 1 in Evocations
  2158 | D:3      | Reached XP level 4. HP: 32/32 MP: 7/11
  2636 | D:3      | Reached skill level 1 in Hexes
  2636 | D:3      | Reached skill level 1 in Summonings
  2636 | D:3      | Reached skill level 1 in Necromancy
  2636 | D:3      | Reached skill level 1 in Translocations
  2636 | D:3      | Reached skill level 1 in Transmutations
  2636 | D:3      | Reached skill level 1 in Ice Magic
  2636 | D:3      | Reached skill level 1 in Air Magic
  2636 | D:3      | Reached skill level 1 in Earth Magic
  2636 | D:3      | Reached skill level 1 in Poison Magic
  2686 | D:3      | Noticed Jessica
  2692 | D:3      | Killed Jessica
  3028 | D:3      | Reached XP level 5. HP: 37/37 MP: 9/12
  3430 | D:4      | Noticed Eustachio
  3738 | D:4      | Reached XP level 6. HP: 43/44 MP: 9/13
  3790 | D:4      | HP: 2/44 [gnoll/+0 spear (10)]
  3797 | D:4      | Slain by a gnoll

Illustrated notes

Levels and vault maps discovered:
D:1:      dpeg_arrival_tiny_d, layout_loops_cross, feat_on_display
D:2:      layout_rooms, chequers_ecumenical_altar_island
D:3:      layout_rooms, minmay_crystal_room, minmay_pentangle, uniq_jessica
D:4:      kennysheep_the_goblin_king, layout_gridville, uniq_eustachio

Skill      XL: |  1  2  3  4  5 |
---------------+----------------+-----
Conjurations   | 2 |  2.6
Spellcasting   | 5 |  5.3
Invocations    | 1 2 |  2.1
Fighting       | 1 |  1.9
Short Blades   | 1 |  1.9
Long Blades    | 1 |  1.9
Axes           | 1 |  1.9
Maces & Flails | 1 |  1.9
Polearms       | 1 |  1.9
Staves         | 1 |  1.9
Ranged Weapons | 1 |  1.9
Throwing       | 1 |  1.9
Armour         | 1 |  1.9
Shields        | 1 |  1.9
Unarmed Combat | 1 |  1.9
Evocations     | 1 |  1.9
Hexes          | 1 |  1.5
Summonings     | 1 |  1.5
Necromancy     | 1 |  1.5
Translocations | 1 |  1.5
Transmutations | 1 |  1.5
Ice Magic      | 1 |  1.5
Air Magic      | 1 |  1.5
Earth Magic    | 1 |  1.5
Poison Magic   | 1 |  1.5
Dodging        | |  4.9
Stealth        | |  4.5
Fire Magic     | |  5.6

Action                     |  1- 3 |  4- 6 || total
---------------------------+-------+-------++-------
  Melee: Short sword       |       |     3 ||     3
   Cast: Foxfire           |   106 |    84 ||   190
         Scorch            |       |     3 ||     3
    Use: Scroll            |     1 |     3 ||     4
         Potion            |       |     3 ||     3
 Armour: Robe              |     4 |     4 ||     8
         Leather armour    |       |    17 ||    17
  Dodge: Dodged            |    17 |    53 ||    70

Table legend: (Time is in decaauts)
 A = Elapsed time spent in this place.
 B = Non-inter-level travel time spent in this place.
 C = Inter-level travel time spent in this place.
 D = Time resting spent in this place.
 E = Time spent auto-exploring this place.
 F = Levels seen in this place.
 G = Mean time per level.
                   A        B        C        D        E       F      G
               +--------+--------+--------+--------+--------+-----+--------+
         Total |   3801 |   3709 |     92 |    615 |   2477 |   4 |  950.2 |
       Dungeon |   3801 |   3709 |     92 |    615 |   2477 |   4 |  950.2 |
               +--------+--------+--------+--------+--------+-----+--------+

Top non-repeatable levels by time:
     D:3: 1366 daAuts
     D:1: 1214 daAuts
     D:2: 860 daAuts
     D:4: 361 daAuts
